 Adventure DCSS version bcrawl-1.36 (webtiles) character file.

Game seed: 16926950897500996652

220742 Bnni the Martial Artist (level 8, 49/49 HPs)
             Began as a Twilight Stalker Martial Artist on Apr 5, 2022.
             Was an Elder of Wu Jian.
             Quit the game in a sewer.
             The game lasted 00:12:42 (4270 turns).

Bnni the Martial Artist (VSMA)                      Turns: 4270, Time: 00:12:43

Health: 49/49      AC: 15    Str: 17    XL:     8   Next: 0%
Magic:  10/10      EV:  8    Int:  9    God:    Wu Jian [****..]
Gold:   244        SH:  0    Dex: 17    Spells: 8/9 levels left
                                        Lives:  2   Deaths: 0

rFire    . . .     SeeInvis .     - Fists (14.4)
rCold    . . .     Gourm    .   (no shield)
rNeg     . . .     Faith    +   p - +0 chain mail
rPois    .         Spirit   .   g - +2 helmet
rElec    .         Reflect  .   r - +2 cloak
rCorr    .                      (no gloves)
MR       .....                  l - +0 pair of boots
Stlth    +.........             n - amulet of faith
HPRegen  0.56/turn              (no ring)
MPRegen  0.12/turn              (no ring)

@: very slow
A: fangs 3, nightstalker 1, regeneration 1, no potion heal 3, rot immunity,
draining bite, strong jaws, assimilated armour
a: Wall Jump, Serpent's Lash, Heavenly Storm, Renounce Religion


You were in a sewer.
You worshipped Wu Jian.
Wu Jian was greatly pleased with you.
You were very hungry.

You visited 2 branches of the dungeon, and saw 6 of its levels.
You also visited: Sewer.

You collected 244 gold pieces.

Inventory:

Armour
 g - a +2 helmet (worn)
 k - a +1 robe of the Archmagi
 l - a +0 pair of boots (worn)
 p - a +0 chain mail (worn)
 r - a +2 cloak (worn)
 s - a +0 plate armour
Jewellery
 i - an uncursed amulet of rage {unknown}
 n - an amulet of faith (around neck)
Scrolls
 a - a scroll of fog
 c - 3 scrolls of enchant armour
 d - 2 scrolls of fear {unknown}
 j - 2 scrolls of remove curse
 o - a scroll of enchant weapon {unknown}
 q - 3 scrolls of teleportation {unknown}
 t - a scroll of blinking {unknown}
 u - a scroll of magic mapping {unknown}
Potions
 b - a potion of agility
 f - 2 potions of might
 h - a potion of curing
 m - a potion of magic {unknown}
Comestibles
 e - 4 rations {!d}


   Skills:
 + Level 5.2 Fighting
 - Level 3.2 Dodging
 - Level 1.5 Stealth
 * Level 8.2 Unarmed Combat
 - Level 1.1 Spellcasting
 - Level 1.0 Hexes


You had 8 spell levels left.
You knew the following spells:

 Your Spells              Type           Power        Failure   Level  Hunger
a - Confusing Touch       Hex            #.......     99%         1    None

Your spell library contained the following spells:

 Spells                   Type           Power        Failure   Level  Hunger
 Animate Skeleton         Necr           N/A          100%        1    None
 Pain                     Necr           #.....       100%        1    None
 Vampiric Draining        Necr           #.........   100%        3    #####..
 Agony                    Necr           #.......     100%        4    ######.
 Animate Dead             Necr           N/A          100%        4    ######.
 Dispel Undead            Necr           #.......     100%        5    #######


Dungeon Overview and Level Annotations

Branches:
Dungeon (5/12)             Temple (1/1) D:4

Altars:
Ashenzari
Cheibriados
Dithmenos
Elyvilon
Fedhas
Kikubaaqudgha
Lugonu
Makhleb
Okawaru
Qazlal
Ru
Sif Muna
Trog
Uskayaw
Wu Jian
Yredelemnul
Zin


Innate Abilities, Weirdness & Mutations

You have razor-sharp teeth.
You are slightly more attuned to the shadows.
Your natural rate of healing is unusually fast.
Potions cannot restore your health.
You are immune to rotting.
Your bite drains your enemy's life force.
Your bites deal extra damage.
Your stealth is less affected by armour.


Message History

You hit the plant. You bite the plant, but do no damage.
The plant is almost destroyed.
Your unstable footing causes you to fumble your attack.
You punch the plant!
You destroy the plant!
You closely miss the jackal. You bite the jackal.
Your bite drains the jackal!
You kill the jackal!
The Council accepts your kill.
No target in view!
No target in view!
No target in view!
You enter the shallow water.
Moving in this stuff is going to be slow.
Why would you want to do that?
Are you sure you want to abandon this character and quit the game? (Confirm with "yes".)
Okay, then.
Unknown command.
Quiver which item? (- for none, * to show all) (? for menu, Esc to quit)
Okay, then.
Are you sure you want to abandon this character and quit the game? (Confirm with "yes".)

≈≈≈≈≈≈≈≈≈≈≈≈≈
≈≈≈≈≈≈≈≈≈≈≈≈≈≈≈≈≈≈#
≈≈≈≈≈≈≈≈≈≈≈≈≈≈≈≈≈≈##
####.≈≈≈≈≈≈≈≈≈≈≈≈≈≈#
≈≈÷≈≈.≈≈≈≈≈≈≈≈≈≈≈≈≈##
####..≈≈≈≈≈≈≈.≈.≈≈≈≈#
# ##≈≈≈≈≈≈≈≈≈.≈..≈≈≈##
# #..≈≈≈≈≈≈≈≈..≈≈≈≈≈≈#
###..≈≈≈≈≈≈≈...≈@≈≈≈##
##.≈..≈≈≈≈≈≈≈.PP.≈≈≈#
..≈.≈≈≈≈≈≈≈≈.#≈#.≈≈≈#
≈≈≈≈.≈≈≈≈≈≈≈≈#≈#≈≈≈≈#
≈....≈≈≈≈≈≈≈≈#≈#≈≈≈≈≈#
.≈≈P########≈#≈#≈≈≈≈##
....P≈≈≈≈≈≈≈≈#≈#≈≈≈##
≈≈PP########≈#≈#≈≈≈≈
≈≈.≈≈≈≈≈≈≈≈≈≈#÷#≈≈≈##


There were no monsters in sight!

Vanquished Creatures
  Prince Ribbit (D:5)
  A sky beast (D:4)
  A phantom (D:4)
  An ogre (D:5)
  A crimson imp (D:4)
  2 hounds
  Terence (D:2)
  A worker ant (D:2)
  11 adders
  An adder zombie (D:5)
  3 adder skeletons
  4 worms
  3 dart slugs
  3 leopard geckos
  3 orcs
  8 ball pythons
  2 giant cockroaches
  6 goblins
  14 hobgoblins
  15 jackals
  A quokka (D:3)
  5 bats
  8 frilled lizards
  13 kobolds
  7 rats
  6 plants (Sewer)
122 creatures vanquished.

Notes
Turn   | Place    | Note
-------+----------+-------------------------------------------
     0 | D:1      | Bnni the Vine Stalker Martial Artist began the quest for
                  | the Orb.
     0 | D:1      | Reached XP level 1. HP: 13/13 MP: 3/3
    24 | D:1      | Reached XP level 2. HP: 15/18 MP: 4/4
   385 | D:1      | Reached XP level 3. HP: 23/23 MP: 5/5
   705 | D:1      | Reached ** piety under Wu Jian
   997 | D:2      | Reached skill level 5 in Unarmed Combat
   997 | D:2      | Reached XP level 4. HP: 28/28 MP: 6/6
  1202 | D:2      | Noticed Terence
  1221 | D:2      | Killed Terence
  1222 | D:2      | Reached XP level 5. HP: 26/33 MP: 7/7
  1536 | D:2      | Noticed a +0 spear
  1537 | D:2      | Noticed a +0 short sword
  1537 | D:2      | Noticed a +0 dagger
  1537 | D:2      | Noticed a +0 falchion
  1538 | D:2      | Noticed a +0 falchion
  1538 | D:2      | Noticed a +0 spear
  1539 | D:2      | Noticed a +0 dagger
  1540 | D:2      | Noticed a +0 short sword
  1544 | D:2      | Found a hide-covered altar of Uskayaw.
  2004 | D:3      | Reached *** piety under Wu Jian
  2215 | D:3      | Reached skill level 6 in Unarmed Combat
  2389 | D:4      | Found a shimmering blue altar of Sif Muna.
  2425 | D:4      | Gained mutation: You have razor-sharp teeth. [Vine Stalker
                  | growth]
  2425 | D:4      | Reached XP level 6. HP: 28/38 MP: 8/8
  2478 | D:4      | Found a staircase to the Ecumenical Temple.
  2483 | D:4      | Noticed a sky beast
  2529 | D:4      | Killed a sky beast
  2536 | Temple   | Entered the Ecumenical Temple
  2816 | D:4      | Noticed a phantom
  2837 | D:4      | Killed a phantom
  3001 | D:4      | Reached skill level 7 in Unarmed Combat
  3115 | D:4      | Reached XP level 7. HP: 44/44 MP: 9/9
  3120 | D:5      | Entered Level 5 of the Dungeon
  3188 | D:5      | Noticed Prince Ribbit
  3200 | D:5      | Killed Prince Ribbit
  3345 | D:5      | Reached skill level 5 in Fighting
  3430 | D:5      | Reached skill level 8 in Unarmed Combat
  3479 | D:5      | Found a glowing drain.
  3498 | Sewer    | Entered a sewer
  3602 | Sewer    | Reached **** piety under Wu Jian
  4183 | Sewer    | Gained mutation: Your bite drains your enemy's life force.
                  | [Twilight Stalker growth]
  4183 | Sewer    | Gained mutation: Your stealth is less affected by armour.
                  | [Twilight Stalker growth]
  4183 | Sewer    | Gained mutation: You are slightly more attuned to the
                  | shadows. [Twilight Stalker growth]
  4183 | Sewer    | Reached XP level 8. HP: 44/49 MP: 9/10
  4270 | Sewer    | Quit the game

Skill      XL: |  1  2  3  4  5  6  7 |
---------------+----------------------+-----
Fighting       | 3 4 5 |  5.2
Unarmed Combat | 5 6 7 8 |  8.2
Dodging        | |  3.2
Stealth        | |  1.5
Spellcasting   | |  1.1
Hexes          | |  1.0

Action                   |  1- 3 |  4- 6 |  7- 9 || total
-------------------------+-------+-------+-------++-------
Melee: Unarmed           |    73 |   149 |   178 ||   400
       Bite              |     8 |    18 |    30 ||    56
       Punch             |       |     1 |     5 ||     6
Invok: Lunge             |    18 |    18 |     6 ||    42
       Whirlwind         |     3 |     6 |     6 ||    15
 Abil: Wall Jump         |     2 |     2 |       ||     4
  Use: Scroll            |       |     4 |     3 ||     7
 Stab: Sleeping          |     4 |     3 |       ||     7
  Eat: Chunk             |     1 |    10 |     6 ||    17
Armor: Robe              |     2 |       |       ||     2
       Leather armour    |     1 |     5 |       ||     6
       Scale mail        |       |    12 |       ||    12
       Chain mail        |       |    24 |    42 ||    66
Dodge: Dodged            |    27 |    50 |    29 ||   106
